 Dungeon Crawl Stone Soup version 0.31-a0-162-gc4c5a43528 (webtiles) character file.

Game seed: 14278326449330812308

265 qw the Shooter (level 6, -5/56 HPs)
             Began as a Naga Hunter on June 12, 2023.
             Was an Initiate of Okawaru.
             Slain by a black bear (6 damage)
             ... on level 4 of the Dungeon.
             The game lasted 00:01:14 (2872 turns).

qw the Shooter (Naga Hunter)                        Turns: 2872, Time: 00:01:15

Health: -5/56      AC:  5    Str: 14    XL:     6   Next: 20%
Magic:  6/6        EV:  9    Int:  9    God:    Okawaru [......]
Gold:   182        SH:  0    Dex: 16    Spells: 5/5 levels left

rFire   . . .        Y - +0 shortbow
rCold   . . .        (shield currently unavailable)
rNeg    . . .        c - +0 leather armour
rPois   +            e - +0 helmet
rElec   .            i - +0 cloak
rCorr   .            (no gloves)
SInv    +            (no barding)
Will    .....        (no amulet)
Stlth   ++           (no ring)
HPRegen 0.29/turn    (no ring)
MPRegen 0.10/turn

%: no passive effects
@: about to teleport, short of breath, very slow
A: AC +2, large, see invisible, deformed body, poison resistance, slowness 2,
spit poison 1, naga tail 1
a: Spit Poison, Renounce Religion


You were on level 4 of the Dungeon.
You worshipped Okawaru.
Okawaru was noncommittal.
You visited 2 branches of the dungeon, and saw 5 of its levels.

You collected 182 gold pieces.


Innate Abilities, Weirdness & Mutations

Your serpentine skin is tough. (AC +2)
You have supernaturally acute eyesight. (SInv)
Armour fits poorly on your strangely shaped body.
Your system is resistant to poisons. (rPois)
You cover ground very slowly.
You can spit poison.
You have a snake-like lower body.


   Skills:
 + Level 3.4 Fighting
 - Level 6.0 Ranged Weapons
 - Level 1.5 Dodging
 - Level 1.5 Stealth


You had 5 spell levels left.
You didn't know any spells.
Your spell library was empty.

Inventory:

Hand Weapons
 Y - a +0 shortbow (weapon)
Armour
 c - a +0 leather armour (worn)
 e - a +0 helmet (worn)
 i - a +0 cloak (worn)
Scrolls
 b - a scroll of identify
Potions
 d - 2 potions of heal wounds
 f - a potion of mutation
 g - 2 potions of enlightenment {unknown}
 h - a potion of brilliance {unknown}
 j - a potion of curing {unknown}
 m - a potion of magic {unknown}
 n - a potion of lignification {unknown}

Dungeon Overview and Level Annotations

Branches:
Dungeon (4/15)             Temple (1/1) D:4

Altars:
Ashenzari
Dithmenos
Elyvilon
Hepliaklqana
Kikubaaqudgha
Makhleb
Okawaru
Qazlal
Ru
Sif Muna
Uskayaw
Zin

Annotations:
D:4 Eustachio


Message History

The black bear closely misses you.
You shoot an arrow. The arrow hits the black bear.
The black bear is moderately wounded.
The black bear closely misses you. The black bear claws you.
The black bear closely misses you.
You shoot an arrow. The arrow hits the black bear!
The black bear is heavily wounded.
You have got your breath back.
The black bear bites you. The black bear claws you. x2
2868 ||| INVOKING Spit Poison.
Aiming: Spit Poison (1% risk of failure)
Press: ? - help, Shift-Dir - straight line, f/p - black bear The splash of poison hits the black bear.
The black bear is poisoned.
The black bear is severely wounded.
The black bear barely misses you. The black bear claws you.
The black bear claws you but does no damage.
You shoot an arrow. The arrow hits the black bear.
The black bear is severely wounded.
The gnoll hits you from afar with a +0 halberd!
The black bear goes berserk!
You shoot an arrow. The arrow barely misses the black bear.
You have got your breath back.
The black bear bites you. The black bear claws you. x2
The gnoll hits you from afar with a +0 halberd.
Eustachio closely misses you.
The black bear bites you but does no damage.
The black bear claws you. x2
2871 ||| INVOKING Spit Poison.
Aiming: Spit Poison (1% risk of failure)
Press: ? - help, Shift-Dir - straight line, f/p - black bear The splash of poison misses the black bear.
The gnoll barely misses you. Eustachio hits you but does no damage.
The black bear closely misses you. The black bear claws you.
The black bear barely misses you.
2872 ||| READING scroll of teleportation.
As you read the scroll of teleportation, it crumbles to dust.
You feel strangely unstable. The black bear bites you!
The black bear claws you.
You die...

................. ..
#...%...######### #.
...###...########
##.#.......#.........
... ..##....###.....
#.. #.#.## ###### #.g
#.#.# #
#..##.h#####)#.# #
......@@.......# #
.......##.###### #
#.##... #.# # #...
#.# # ..... #.# #
.##..# #.# # # #..
#.# # #.. #.# # #.# #


You could see Eustachio, a black bear (berserk, poisoned) and a gnoll.

Vanquished Creatures
  A jelly (D:4)
  An iguana (D:4)
  Ijyb (D:4)
  Robin (D:2)
  5 gnolls
  2 adders (D:2)
  A worm (D:4)
  3 dart slugs
  7 orcs
  3 bats
  8 endoplasms
  4 giant cockroaches
  14 goblins
  10 hobgoblins
  7 quokkas
  5 ball pythons
  10 kobolds
  7 rats
90 creatures vanquished.

Notes
Turn   | Place    | Note
-------+----------+-------------------------------------------
     0 | D:1      | qw the Naga Hunter began the quest for the Orb.
     0 | D:1      | Reached XP level 1. HP: 19/19 MP: 1/1
     0 | D:1      | 0 ||| qw: Version: 0.2-a-29-gc1b59c4
     0 | D:1      | 0 ||| qw: Game counter: 4421
     0 | D:1      | 0 ||| qw: Always use a shield: true
     0 | D:1      | 0 ||| qw: God list: Okawaru
     0 | D:1      | 0 ||| qw: Allow faded altars: false
     0 | D:1      | 0 ||| qw: Do Orc after D:15 true
     0 | D:1      | 0 ||| qw: Do second Lair branch before Depths: true
     0 | D:1      | 0 ||| qw: Lair rune preference: random
     0 | D:1      | 0 ||| qw: Plans: Normal
     0 | D:1      | 0 ||| PLANNING D:1-11
    42 | D:1      | 42 ||| INVOKING Spit Poison.
    47 | D:1      | 47 ||| INVOKING Spit Poison.
    69 | D:1      | 69 ||| INVOKING Spit Poison.
    74 | D:1      | 74 ||| INVOKING Spit Poison.
   102 | D:1      | 102 ||| INVOKING Spit Poison.
   103 | D:1      | Reached skill level 4 in Ranged Weapons
   103 | D:1      | Reached XP level 2. HP: 26/26 MP: 2/2
   124 | D:1      | 124 ||| INVOKING Spit Poison.
   134 | D:1      | 134 ||| INVOKING Spit Poison.
   146 | D:1      | 146 ||| INVOKING Spit Poison.
   179 | D:1      | 179 ||| INVOKING Spit Poison.
   192 | D:1      | 192 ||| INVOKING Spit Poison.
   197 | D:1      | 197 ||| INVOKING Spit Poison.
   200 | D:1      | 200 ||| INVOKING Spit Poison.
   220 | D:1      | 220 ||| INVOKING Spit Poison.
   221 | D:1      | Reached XP level 3. HP: 32/32 MP: 3/3
   227 | D:1      | 227 ||| INVOKING Spit Poison.
   272 | D:1      | 272 ||| INVOKING Spit Poison.
   315 | D:1      | 315 ||| INVOKING Spit Poison.
   349 | D:1      | 349 ||| INVOKING Spit Poison.
   384 | D:1      | 384 ||| INVOKING Spit Poison.
   387 | D:1      | 387 ||| INVOKING Spit Poison.
   695 | D:1      | 695 ||| DROPPING +0 ring mail of poison resistance.
   696 | D:1      | 696 ||| UPGRADING to +0 cloak.
   701 | D:1      | 701 ||| READING 2 scrolls labelled LOGUAF QIUCYSM.
   705 | D:1      | 705 ||| DROPPING scroll of butterflies.
   762 | D:2      | 762 ||| INVOKING Spit Poison.
   765 | D:2      | 765 ||| INVOKING Spit Poison.
   847 | D:2      | 847 ||| INVOKING Spit Poison.
   891 | D:2      | 891 ||| INVOKING Spit Poison.
   892 | D:2      | 892 ||| INVOKING Spit Poison.
   895 | D:2      | 895 ||| INVOKING Spit Poison.
   901 | D:2      | 901 ||| INVOKING Spit Poison.
   904 | D:2      | 904 ||| INVOKING Spit Poison.
   911 | D:2      | 911 ||| INVOKING Spit Poison.
   916 | D:2      | 916 ||| INVOKING Spit Poison.
   917 | D:2      | Reached skill level 5 in Ranged Weapons
   917 | D:2      | Noticed Robin
   922 | D:2      | 922 ||| INVOKING Spit Poison.
   923 | D:2      | Reached XP level 4. HP: 22/39 MP: 4/4
   924 | D:2      | Killed Robin
   926 | D:2      | 926 ||| INVOKING Spit Poison.
  1006 | D:2      | 1006 ||| INVOKING Spit Poison.
  1064 | D:2      | 1064 ||| INVOKING Spit Poison.
  1099 | D:2      | 1099 ||| INVOKING Spit Poison.
  1103 | D:2      | 1103 ||| INVOKING Spit Poison.
  1105 | D:2      | Reached skill level 3 in Fighting
  1107 | D:2      | 1107 ||| INVOKING Spit Poison.
  1127 | D:2      | 1127 ||| INVOKING Spit Poison.
  1186 | D:2      | 1186 ||| INVOKING Spit Poison.
  1191 | D:2      | Reached XP level 5. HP: 49/49 MP: 5/5
  1191 | D:2      | 1191 ||| INVOKING Spit Poison.
  1268 | D:2      | 1268 ||| INVOKING Spit Poison.
  1414 | D:2      | 1414 ||| INVOKING Spit Poison.
  1417 | D:2      | 1417 ||| INVOKING Spit Poison.
  1485 | D:2      | 1485 ||| INVOKING Spit Poison.
  1494 | D:2      | 1494 ||| UPGRADING to +0 helmet.
  1499 | D:2      | 1499 ||| READING 3 scrolls labelled IBOAFR LYDEOTU.
  1500 | D:2      | 1500 ||| READING scroll labelled OTAMOSKEESK.
  1501 | D:2      | 1501 ||| READING 2 scrolls labelled JUNYUV VEAS FUO.
  1502 | D:2      | 1502 ||| DRINKING 3 murky red potions.
  1503 | D:2      | 1503 ||| READING 2 scrolls of identify.
  1503 | D:2      | 1503 ||| IDENTIFYING bubbling clear potion
  1504 | D:2      | 1504 ||| DROPPING scroll of revelation.
  1565 | D:3      | 1565 ||| INVOKING Spit Poison.
  1605 | D:3      | 1605 ||| INVOKING Spit Poison.
  1738 | D:3      | Found a faded altar of an unknown god.
  1755 | D:3      | 1755 ||| INVOKING Spit Poison.
  1781 | D:3      | 1781 ||| INVOKING Spit Poison.
  1787 | D:3      | 1787 ||| INVOKING Spit Poison.
  1792 | D:3      | 1792 ||| INVOKING Spit Poison.
  1798 | D:3      | 1798 ||| INVOKING Spit Poison.
  1865 | D:3      | 1865 ||| INVOKING Spit Poison.
  2015 | D:3      | 2015 ||| INVOKING Spit Poison.
  2073 | D:3      | 2073 ||| INVOKING Spit Poison.
  2080 | D:3      | 2080 ||| INVOKING Spit Poison.
  2208 | D:3      | Found a shimmering blue altar of Sif Muna.
  2217 | D:3      | 2217 ||| READING scroll labelled YMOC WITIGE.
  2218 | D:3      | 2218 ||| READING scroll labelled ETOKEM DOARYLU.
  2219 | D:3      | 2219 ||| READING 2 scrolls of identify.
  2219 | D:3      | 2219 ||| IDENTIFYING emerald potion
  2220 | D:3      | 2220 ||| DROPPING potion of berserk rage.
  2232 | D:4      | Noticed Ijyb
  2235 | D:4      | 2235 ||| INVOKING Spit Poison.
  2239 | D:4      | 2239 ||| INVOKING Spit Poison.
  2241 | D:4      | Killed Ijyb
  2279 | D:4      | 2279 ||| INVOKING Spit Poison.
  2280 | D:4      | 2280 ||| INVOKING Spit Poison.
  2286 | D:4      | 2286 ||| INVOKING Spit Poison.
  2330 | D:4      | 2330 ||| INVOKING Spit Poison.
  2351 | D:4      | Found a staircase to the Ecumenical Temple.
  2352 | D:4      | 2352 ||| PLANNING TEMPLE
  2355 | D:4      | 2355 ||| INVOKING Spit Poison.
  2365 | D:4      | Reached skill level 6 in Ranged Weapons
  2365 | D:4      | Reached XP level 6. HP: 31/56 MP: 6/6
  2454 | Temple   | Entered the Ecumenical Temple
  2454 | Temple   | Found a transporter.
  2454 | Temple   | Found a transporter.
  2456 | Temple   | Found a transporter.
  2456 | Temple   | Found a transporter.
  2466 | Temple   | 2466 ||| PLANNING D:1-11
  2469 | Temple   | 2469 ||| PLANNING OKAWARU WORSHIP
  2474 | Temple   | Became a worshipper of Warmaster Okawaru
  2474 | Temple   | 2474 ||| PLANNING D:1-11
  2508 | D:4      | 2508 ||| INVOKING Spit Poison.
  2511 | D:4      | 2511 ||| INVOKING Spit Poison.
  2517 | D:4      | 2517 ||| INVOKING Spit Poison.
  2547 | D:4      | 2547 ||| INVOKING Spit Poison.
  2554 | D:4      | 2554 ||| INVOKING Spit Poison.
  2556 | D:4      | HP: 12/56 [gnoll/+0 flail (4)]
  2557 | D:4      | 2557 ||| READING 2 scrolls of teleportation.
  2557 | D:4      | HP: 4/56 [gnoll/+0 flail (8)]
  2557 | D:4      | HP: 1/56 [gnoll/+0 halberd (3)]
  2558 | D:4      | 2558 ||| DRINKING 2 potions of heal wounds.
  2559 | D:4      | 2559 ||| INVOKING Spit Poison.
  2819 | D:4      | 2819 ||| INVOKING Spit Poison.
  2830 | D:4      | 2830 ||| INVOKING Spit Poison.
  2862 | D:4      | Noticed Eustachio
  2863 | D:4      | Noticed a black bear
  2864 | D:4      | 2864 ||| INVOKING Spit Poison.
  2868 | D:4      | 2868 ||| INVOKING Spit Poison.
  2871 | D:4      | 2871 ||| INVOKING Spit Poison.
  2871 | D:4      | HP: 12/56 [black bear (3)]
  2872 | D:4      | 2872 ||| READING scroll of teleportation.
  2872 | D:4      | HP: 1/56 [black bear (11)]
  2872 | D:4      | Slain by a black bear

Levels and vault maps discovered:
D:1:      roderic_chinese_lattice_arrival, layout_basic
D:2:      layout_loops_ring, uniq_robin
D:3:      layout_loops_ring, mainiacjoe_overflow_alcove_1,
          hellmonk_ecumenical_altar_heavens_door
D:4:      layout_loops_ring, minmay_temple_entry_glass, uniq_eustachio,
          uniq_ijyb
Temple:   hellmonk_temple_divided_pantheon

Skill      XL: |  1  2  3  4  5 |
---------------+----------------+-----
Ranged Weapons | 4 5 6 |  6.0
Fighting       | 3 |  3.4
Dodging        | |  1.5
Stealth        | |  1.5

Action                     |  1- 3 |  4- 6 || total
---------------------------+-------+-------++-------
   Fire: Shortbow          |    82 |   122 ||   204
Ability: Spit Poison       |    29 |    41 ||    70
    Use: Scroll            |     1 |     9 ||    10
         Potion            |       |     2 ||     2
 Armour: Leather armour    |    12 |    24 ||    36
  Dodge: Dodged            |    17 |    38 ||    55

Table legend:
 A = Non-vault XP
 B = Vault XP
 C = Vault XP percentage of total XP
 D = Non-vault monster count
 E = Vault monster count
 F = Vault count percentage of total count
                 A         B        C        D         E       F
            +---------+---------+-------+---------+---------+-------
      Total |     309 |      70 |  18.5 |      78 |      12 |  13.3
            +---------+---------+-------+---------+---------+-------
        D:1 |      50 |       0 |   0.0 |      26 |       0 |   0.0
        D:2 |     103 |      35 |  25.4 |      24 |      11 |  31.4
        D:3 |      24 |       0 |   0.0 |      13 |       0 |   0.0
        D:4 |     132 |      35 |  21.0 |      15 |       1 |   6.2
            +---------+---------+-------+---------+---------+-------
